 Dungeon Crawl Stone Soup version 0.18-a0-775-g4d9e04e (webtiles) character file.

10399 4thArraOfDagon the Grappler (level 11, -4/107 HPs)
             Began as a Troll Earth Elementalist on Dec 13, 2015.
             Was an Elder of Cheibriados.
             Slain by Maud
             ... wielding a +4 battleaxe of freezing
              (11 damage)
             ... on level 2 of the Orcish Mines.
             The game lasted 00:21:18 (4354 turns).

4thArraOfDagon the Grappler (TrEE)                  Turns: 4354, Time: 00:21:18

Health: -4/107     AC:  9    Str: 33    XL:     11   Next: 35%
Magic:  14/14      EV: 15    Int: 22    God:    Cheibriados [****..]
Gold:   1004       SH:  0    Dex: 20    Spells: 2 memorised, 6 levels left

rFire  + . .     SeeInvis .       - Unarmed
rCold  . . .     Clarity  +     K - +1 animal skin
rNeg   . . .     SustAt   .     (no shield)
rPois  .         Gourm    +     (helmet restricted)
rElec  .         Spirit   .     y - +2 cloak {+Inv}
rCorr  .         Dismiss  .     (gloves unavailable)
rMut   .         Stasis   .     (boots unavailable)
MR     .....                    (no amulet)
Stlth  +++.......               (no ring)
                                l - ring of protection from fire

@: mighty, lethally poisoned (-4 -> -5), very slightly contaminated, invisible,
very slow, not resistant to hostile enchantments, fairly stealthy
A: unfitting armour, claws 3, hooves 2, horns 1, camouflage 1, clarity, dopey 1,
fast metabolism 3, gourmand, regeneration 3, screaming 1, shaggy fur 1, tough
skin 2
a: Bend Time, Temporal Distortion, Slouch, Renounce Religion


You were on level 2 of the Orcish Mines.
You worshipped Cheibriados.
Cheibriados was greatly pleased with you.
You were full.

You visited 3 branches of the dungeon, and saw 15 of its levels.

You collected 1004 gold pieces.

Inventory:

Hand Weapons
 q - a +2 dagger of chaos
 G - a +0 blowgun
Missiles
 o - 7 curare-tipped needles
Armour
 y - a +2 cloak of invisibility (worn)
 K - a +1 animal skin (worn)
Jewellery
 l - a ring of protection from fire (left claw)
Wands
 a - a wand of paralysis (16)
 b - a wand of fire (9)
 c - a wand of slowing (26)
 k - a wand of invisibility (0)
 w - a wand of fire (2)
 F - a wand of confusion (18)
 I - a wand of digging (11)
Scrolls
 e - 2 scrolls of amnesia
 g - a scroll of remove curse
 h - 2 scrolls of recharging
 i - a scroll of magic mapping {unknown}
 j - a scroll of teleportation {unknown}
 m - 2 scrolls of fear {unknown}
 r - a scroll of torment {unknown}
 s - 3 scrolls of blinking {unknown}
 E - 6 scrolls of noise {unknown}
 L - a scroll of enchant weapon {unknown}
Potions
 n - a potion of lignification {unknown}
 p - a potion of ambrosia {unknown}
 u - 2 potions of poison
 v - a potion of heal wounds {unknown}
 z - 3 potions of agility {unknown}
 A - a potion of brilliance {unknown}
 B - a potion of might
 C - a potion of mutation {unknown}
 J - a potion of magic {unknown}
Comestibles
 d - 4 bread rations
 f - 2 slices of pizza
 t - 9 fruits
 x - 4 meat rations
 D - a beef jerky
 H - a royal jelly


   Skills:
 + Level 6.4 Fighting
 + Level 6.8 Dodging
 - Level 1.1 Stealth
 * Level 12.1 Unarmed Combat
 - Level 1.2 Spellcasting
 - Level 0.6 Transmutations
 - Level 2.6 Earth Magic
 + Level 6.2 Invocations


You had 6 spell levels left.
You knew the following spells:

 Your Spells              Type           Power        Failure   Level  Hunger
a - Passage of Golubria   Tloc           N/A          98%         4    #####..
b - Stoneskin             Trmt/Erth      #.......     14%         2    ###....


Dungeon Overview and Level Annotations

Branches:
Dungeon (12/15)            Temple (1/1) D:5            Lair (0/8) D:8
    Orc (2/2) D:12
    Elf: Orc:2

Altars:
Ashenzari
Cheibriados
Dithmenos
Elyvilon
Fedhas
Gozag
Kikubaaqudgha
Makhleb
Nemelex Xobeh
Okawaru
Pakellas
Sif Muna
Trog
Vehumet
Xom
Zin
The Shining One

Shops:
D:9 =

Annotations:
D:4 Grinder
D:6 homeworkjunkie's ghost, novice HOFi
D:10 Harold
Orc:2 Maud


Innate Abilities, Weirdness & Mutations

You are too large for most types of armour.
You have claws for hands.
Your metabolism is lightning-fast.
You like to eat raw meat.
You regenerate.
You are covered in fur (AC +1).
You have very tough skin (AC +2).
You have hoof-like feet.
You have a pair of small horns on your head.
Your skin changes colour to match your surroundings (Stealth).
You possess an exceptional clarity of mind.
You are dopey. (Int -2)
You occasionally shout uncontrollably at your foes.


Message History

You catch the helpless Maud completely off-guard!
You scratch Maud. You kick Maud. Your headbutt misses Maud.
Maud is lightly wounded.
You strike the helpless Maud from behind!
You claw Maud! You kick Maud, but do no damage.
Maud is lightly wounded.
Maud hits you with a battleaxe of freezing!!
Maud freezes you!
Drink which item? (? for menu, Esc to quit)
It was a potion of poison.
That liquid tasted very nasty...
You are poisoned.
You feel sick. Maud misses you.
Drink which item? (? for menu, Esc to quit)
It was a potion of might.
You feel very mighty all of a sudden.
You feel sick.
Maud hits you with a battleaxe of freezing!!
* * * LOW HITPOINT WARNING * * *
Maud freezes you!
You die...

###†)...##....
#.)#....###...
###..)...#....
#.#.....##..)
#.###......... #.#
##........ #.#
###.....# ##.#
#####....## ##@#
#..#......# #@##
#....###...
##.#######....##...
##@##......#####..
##h##.....## ..
##.##.##..## ...
##o###o...#....
#.####o#o#........
#.......o###o.....#


You could see Maud.

Vanquished Creatures
  Erolcha (D:8)
  An unseen horror (D:11)
  2 ugly things (D:11)
  A deep elf mage (D:9)
  Maurice (D:8)
  6 trolls
  3 yaks (D:10)
  Eustachio (D:6)
  Grum (D:11)
  8 wolves
  A hippogriff (D:11)
  2 wargs (D:12)
  3 sky beasts
  4 orc warriors
  A phantom (D:8)
  3 ice beasts
  A necrophage (D:5)
  5 centaurs
  3 ogres
  2 big kobolds
  4 giant frogs
  A gnoll sergeant (D:10)
  4 scorpions
  6 killer bees
  2 electric eels (D:8)
  5 wights (D:10)
  3 crimson imps
  2 centaur zombies
  2 jellies
  9 orc priests
  5 hounds
  2 orc wizards
  An iguana (D:5)
  7 worker ants
  2 hound skeletons
  2 worker ant zombies
  3 adders
  6 gnolls (D:10)
  2 shadow imps (D:9)
  An adder zombie (D:7)
  A worm (D:2)
  2 giant geckos
  35 orcs
  A ball python (D:7)
  2 bats
  2 giant cockroaches
  A hobgoblin (D:2)
  6 jackals
  11 kobolds
  4 quokkas
  3 giant newts
  A jackal zombie (D:5)
  2 rats (D:1)
190 creatures vanquished.

Vanquished Creatures (others)
  A hippogriff (D:10)
1 creature vanquished.

Grand Total: 191 creatures vanquished

Notes
Turn   | Place    | Note
--------------------------------------------------------------
     0 | D:1      | 4thArraOfDagon the Troll Earth Elementalist began the quest for the Orb.
     0 | D:1      | Reached XP level 1. HP: 16/16 MP: 1/1
    24 | D:1      | Reached skill level 1 in Unarmed Combat
   118 | D:2      | Reached XP level 2. HP: 24/24 MP: 0/2
   239 | D:4      | Noticed Grinder
   245 | D:4      | Paralysed by Grinder for 2 turns
   250 | D:4      | Paralysed by Grinder for 2 turns
   252 | D:5      | Entered Level 5 of the Dungeon
   292 | D:5      | Noticed an ogre
   318 | D:5      | Reached skill level 3 in Unarmed Combat
   318 | D:5      | Reached XP level 3. HP: 18/31 MP: 3/3
   324 | D:5      | Killed an ogre
   324 | D:5      | Reached skill level 4 in Unarmed Combat
   324 | D:5      | Reached XP level 4. HP: 25/39 MP: 0/4
   376 | D:5      | Learned a level 2 spell: Stoneskin
   391 | D:5      | Reached XP level 5. HP: 41/45 MP: 5/5
   438 | D:5      | Found a radiant altar of Vehumet.
   442 | D:5      | Noticed a necrophage
   473 | D:5      | Killed a necrophage
   473 | D:5      | Reached skill level 5 in Unarmed Combat
   518 | D:5      | Reached skill level 1 in Fighting
   682 | D:6      | Noticed homeworkjunkie's ghost (novice HOFi)
   799 | D:7      | Reached XP level 6. HP: 40/53 MP: 3/6
   834 | D:6      | Found a shimmering altar of Xom.
   834 | D:6      | Found a burning altar of Makhleb.
  1034 | D:7      | Reached skill level 6 in Unarmed Combat
  1038 | D:7      | Gained mutation: You have large cloven feet. [mutagenic meat]
  1039 | D:7      | Gained mutation: Potions and wands are less effective at restoring your health. [mutagenic meat]
  1040 | D:7      | Gained mutation: You possess an exceptional clarity of mind. [mutagenic meat]
  1041 | D:7      | Gained mutation: You are dopey. (Int -2) [mutagenic meat]
  1043 | D:7      | Gained mutation: Your skin changes colour to match your surroundings (Stealth). [mutagenic meat]
  1080 | D:7      | Reached XP level 7. HP: 48/63 MP: 7/7
  1325 | D:6      | Noticed Eustachio
  1335 | D:6      | Killed Eustachio
  1335 | D:6      | Reached skill level 7 in Unarmed Combat
  1476 | D:5      | Reached XP level 8. HP: 66/73 MP: 5/8
  1477 | D:5      | Found a staircase to the Ecumenical Temple.
  1506 | Temple   | Entered the Ecumenical Temple
  1542 | Temple   | Became a worshipper of Cheibriados the Contemplative
  1726 | D:8      | Noticed a troll
  1731 | D:8      | Killed a troll
  1731 | D:8      | Reached skill level 1 in Invocations
  1772 | D:8      | Noticed Maurice
  1794 | D:8      | Killed Maurice
  1794 | D:8      | Reached skill level 8 in Unarmed Combat
  1834 | D:8      | Reached XP level 9. HP: 50/82 MP: 7/9
  1857 | D:8      | Found an ancient bone altar of Kikubaaqudgha.
  1912 | D:8      | Noticed Erolcha
  1916 | D:8      | Killed Erolcha
  1916 | D:8      | Reached skill level 9 in Unarmed Combat
  1993 | D:8      | Reached * piety under Cheibriados
  1999 | D:8      | Reached skill level 5 in Dodging
  2004 | D:8      | Gained mutation: You expend magic power (3 MP) to strengthen your wands. [mutagenic meat]
  2005 | D:8      | Lost mutation: You expend magic power (3 MP) to strengthen your wands. [mutagenic meat]
  2006 | D:8      | Gained mutation: You have a pair of small horns on your head. [mutagenic meat]
  2007 | D:8      | Gained mutation: You regenerate. [mutagenic meat]
  2271 | D:8      | Reached skill level 10 in Unarmed Combat
  2333 | D:8      | Reached skill level 5 in Fighting
  2335 | D:8      | Found a staircase to the Lair.
  2426 | D:9      | Found Josa's Jewellery Boutique.
  2476 | D:9      | Reached ** piety under Cheibriados
  2551 | D:9      | Reached XP level 10. HP: 69/94 MP: 12/12
  2636 | D:9      | Found a glowing golden altar of the Shining One.
  2658 | D:9      | Noticed a deep elf mage
  2670 | D:9      | Killed a deep elf mage
  2812 | D:10     | Entered Level 10 of the Dungeon
  2950 | D:10     | Learned a level 4 spell: Passage of Golubria
  2956 | D:10     | Noticed Harold
  2966 | D:10     | Reached *** piety under Cheibriados
  3125 | D:10     | HP: 3/98 [centaur/arrow (7)]
  3255 | D:10     | Reached skill level 11 in Unarmed Combat
  3347 | D:10     | Reached skill level 5 in Invocations
  3480 | D:11     | Noticed a cyan ugly thing
  3555 | D:11     | Killed a brown ugly thing
  3562 | D:11     | Lost mutation: Potions and wands are less effective at restoring your health. [mutagenic meat]
  3563 | D:11     | Gained mutation: You occasionally shout uncontrollably at your foes. [mutagenic meat]
  3564 | D:11     | Gained mutation: You have hoof-like feet. [mutagenic meat]
  3665 | D:11     | Noticed a cyan ugly thing
  3672 | D:11     | Killed a cyan ugly thing
  3679 | D:11     | Killed an unseen horror
  3712 | D:11     | Reached **** piety under Cheibriados
  3712 | D:11     | Reached XP level 11. HP: 97/105 MP: 14/14
  3754 | D:11     | Noticed Grum
  3763 | D:11     | Killed Grum
  3859 | D:12     | Found a staircase to the Orcish Mines.
  3946 | Orc:1    | Entered Level 1 of the Orcish Mines
  4171 | Orc:2    | Entered Level 2 of the Orcish Mines
  4278 | Orc:2    | Reached skill level 12 in Unarmed Combat
  4332 | Orc:2    | Noticed Maud
  4332 | Orc:2    | Noticed an orc warlord
  4354 | Orc:2    | Slain by Maud

Vault maps used:
D:1:      dpeg_arrival_boxorama, hangedman_abyss_or_decor_stabs
D:2:      nicolae_qazlal_eye_of_the_storm
D:3:      kennysheep_the_goblin_king, nicolae_ru_awakened_eye, uniq_robin
D:4:      first_bread, trog_hazing_becter, uniq_grinder
D:5:      lemuel_round_altar, minmay_temple_entry_crystal_x,
          kennysheep_generic_room_9
D:6:      grunt_temple_overflow_champion_of_chaos, lemuel_round_altar,
          roderic_roman_lattice, uniq_eustachio
D:8:      marbit_many_paths, erik_lair_island, serial_shops,
          kennysheep_mini_moat, uniq_maurice, uniq_erolcha
D:9:      tso_altar, serial_shops, shop
D:10:     grunt_livestock, uniq_harold
D:11:     uniq_grum
D:12:     minmay_orc_entry_guard_dogs
Temple:   eino_temple_water_12
Orc:2:    st_orc_mages, serial_shops, shop, uniq_maud

Action                   |  1- 3 |  4- 6 |  7- 9 | 10-12 || total
-------------------------+-------+-------+-------+-------++-------
Melee: Unarmed           |    67 |   106 |   210 |   233 ||   616
 Cast: Sandblast         |     3 |       |       |       ||     3
       Stoneskin         |       |     2 |     5 |       ||     7
Invok: Temporal Distorti |       |       |       |     1 ||     1
       Slouch            |       |       |       |     1 ||     1
Evoke: Wand              |     1 |       |     9 |     8 ||    18
  Use: Scroll            |       |       |     6 |     4 ||    10
       Potion            |       |       |       |     4 ||     4
 Stab: Sleeping          |     1 |     1 |     5 |     1 ||     8
       Invisible         |     1 |       |     2 |     8 ||    11
  Eat: Chunk             |     2 |    18 |    17 |    13 ||    50
